cohdb
Replays
Latest Replays
All Replays
Popular Replays
Top Player Replays
Match Explorer
How It Works
Community
CoH3 Stats
Reddit
Sign in to upload your games and track your stats! →
Sign in with Steam
Match 47407886
Unlisted
Match 47407886
Overview
Messages
Build Orders
End
Pioneer Squad
Pioneer Squad
Selects Terror Battlegroup
Selects Machine Gun Camouflage
Construct Infanterie Kompanie
MG 42 Machine Gun Team
Grenadier Squad
Grenadier Squad
Selects Interrogate
Construct Luftwaffe Kompanie
Jäger Squad
221 Scout Car
Flak 30 Anti-aircraft Gun Team
Medical Station
Selects Defend the Fatherland
Support Elements
GrW 34 Mortar Team
Wirbelwind Flakpanzer
Jäger Squad
Pioneer Squad
Pioneer Squad
Jäger Squad
Defend the Fatherland
♠♣ Kvothe ♠♣
Elliott
0
0
Comments
sign in to comment!
No comments posted yet!